AoeStats
← kurt

Runestones

507258840Analyzed
1v1 RM · 16d ago on Sep 17, 2026· 40m 18s· 2 players
Game mode
Random Map
Map size
Tiny (2 player)
Population
200
Speed
Normal
Resources
Standard
Victory
Conquest
Starting age
Dark Age
Ending age
Imperial Age
RankedLock teamsTeams togetherTeam positionsShared explorationLock speedFull tech treeHidden civsTurbo modeCheats
Victory
Defeat
🇨🇳 Bengalis · China
1347
+16
🇹🇷 Britons · Türkiye
1343
-16
HAYRATLI
5:06 Loom
9:21 Feudal Age
10:40 Double-Bit Axe
21:58 Castle Age
20:18 Fletching
20:34 Gold Mining
21:18 Padded Archer Armor
21:17 Horse Collar
22:14 Crossbowman
23:18 Elite Skirmisher
26:27 Bodkin Arrow
29:41 Wheelbarrow
31:53 Hand Cart
34:32 Leather Archer Armor
40:59 Imperial Age
40:07 Ballistics
kurt
8:39 Feudal Age
7:56 Loom
11:12 Horse Collar
15:59 Wheelbarrow
19:51 Castle Age
18:13 Fletching
18:17 Gold Mining
19:18 Fletching
19:49 Bloodlines
20:32 Double-Bit Axe
20:59 Bodkin Arrow
21:27 Padded Archer Armor
24:56 Leather Archer Armor
28:39 Husbandry
35:08 Imperial Age
33:00 Town Watch
36:21 Bracer
38:23 Chemistry
37:01 Crossbowman
38:14 Hand Cart
38:41 Gold Shaft Mining
37:57 Stone Mining
37:48 Elite Elephant Archer
38:54 Ballistics
39:26 Ring Archer Armor
40:48 Conscription
40:13 Treadmill Crane
40:40 Siege Engineers
Connection lost

Rejoining the realm…

Still unreachable

The connection could not be restored.

Session expired

The server has moved on; the page needs a fresh start.